 Dungeon Crawl Stone Soup version 0.18-a0-1789-gbeff17f (webtiles) character file.

4052 Mefis the Magician (level 10, -7/57 HPs)
             Began as a Human Wizard on Apr 21, 2016.
             Was a Priest of Vehumet.
             Mangled by a black mamba (14 damage)
             ... on level 1 of the Lair of Beasts.
             The game lasted 04:30:49 (16323 turns).

Mefis the Magician (Human Wizard)                  Turns: 16323, Time: 04:30:50

Health: -7/57      AC: 13    Str:  7      XL:     10   Next: 48%
Magic:  3/19       EV:  9    Int: 19 (22) God:    Vehumet [***...]
Gold:   604        SH:  0    Dex: 11 (12) Spells: 10 memorised, 2 levels left

rFire  . . .     SeeInvis .     B - +2 rod of shadows (4/15)
rCold  . . .     Gourm    .     T - +1 robe {MR+}
rNeg   . . .     Faith    .     (no shield)
rPois  +         Spirit   .     n - +2 hat
rElec  .         Dismiss  .     O - +2 cloak
rCorr  .         Reflect  .     g - +0 pair of gloves
SustAt .         Harm     .     Z - +0 pair of boots
MR     +....     Rnd*Rage +     (no amulet)
Stlth  +++.......               I - ring of poison resistance
                                j - +3 ring of protection

@: very slightly contaminated, repel missiles, somewhat resistant to hostile
enchantments, fairly stealthy
A: horns 1, berserk 1, deterioration 1, frail 1, poison resistance, screaming 1
a: Renounce Religion


You were on level 1 of the Lair of Beasts.
You worshipped Vehumet.
Vehumet was most pleased with you.
You were near starving.

You visited 2 branches of the dungeon, and saw 10 of its levels.
You also visited: Ossuary.

You collected 796 gold pieces.
You spent 192 gold pieces at shops.

Inventory:

Hand Weapons
 a - a +4 quarterstaff of chaos
 i - a +0 dagger of draining
 q - the +1 greatsling "Luhy" {speed, MR+}
   (You found it on level 8 of the Dungeon)

   Attacks with this weapon are significantly faster.
   It affects your resistance to hostile enchantments.
 y - a +0 blowgun
 R - a +0 shortbow
 U - a +1 spear
Missiles
 b - 5 needles of sleeping
 e - a curare-tipped needle
 r - 29 poisoned needles
 A - 8 tomahawks (quivered)
 F - 5 needles of frenzy
 Q - 16 arrows
Armour
 g - a +0 pair of gloves (worn)
 n - a +2 hat (worn)
 N - a +1 cloak of magic resistance
 O - a +2 cloak (worn)
 T - a +1 robe of magic resistance (worn)
 Z - a +0 pair of boots (worn)
Rods
 t - a -1 rod of ignition (11/11)
   (You found it on level 1 of the Lair of Beasts)
 B - a +2 rod of shadows (4/15) (in hand)
   (You found it on level 5 of the Dungeon)
Jewellery
 j - a +3 ring of protection (left hand)
 I - a ring of poison resistance (right hand)
Wands
 f - a wand of teleportation (4/9)
Scrolls
 d - a scroll of noise
 k - a scroll of identify
 o - a scroll of magic mapping
 p - 4 scrolls of amnesia
 x - a scroll of immolation {unknown}
 z - 2 scrolls of remove curse
 C - a scroll of fear
 H - a scroll of enchant armour {unknown}
 L - a scroll of random uselessness {unknown}
 P - a scroll of summoning {unknown}
Potions
 v - a potion of berserk rage
 w - a potion of curing
 D - a potion of flight
 J - a potion of haste
 M - 3 potions of heal wounds
 V - a potion of agility
 W - a potion of lignification
 X - a potion of might
 Y - a potion of resistance
Books
 c - a book of Minor Magic

   Spells                             Type                      Level
   a - Magic Dart                     Conjuration                  1
   b - Blink                          Translocation                2
   c - Call Imp                       Summoning                    2
   d - Repel Missiles                 Charms/Air                   2
   e - Slow                           Hexes                        2
   f - Conjure Flame                  Conjuration/Fire             3
   g - Mephitic Cloud                 Conjuration/Poison/Air       3
Comestibles
 m - a meat ration
 s - 11 royal jellies
 E - 2 slices of pizza
 S - a beef jerky


   Skills:
 - Level 0.6 Fighting
 + Level 0.2 Short Blades
 + Level 1.1(2.5) Slings
 + Level 2.1 Bows
 * Level 3.7(3.8) Throwing
 * Level 5.2 Dodging
 * Level 5.0 Stealth
 + Level 6.5 Spellcasting
 * Level 4.1 Conjurations
 * Level 3.7 Hexes
 + Level 4.0 Summonings
 * Level 3.6 Translocations
 * Level 3.3 Fire Magic
 + Level 0.2 Ice Magic
 * Level 3.6 Air Magic
 * Level 3.2 Poison Magic


You had 2 spell levels left.
You knew the following spells:

 Your Spells              Type           Power        Failure   Level  Hunger
a - Magic Dart            Conj           ###.         1%          1    None
b - Call Imp              Summ           ###.....     3%          2    None
c - Blink                 Tloc           N/A          4%          2    None
d - Repel Missiles        Chrm/Air       ##....       10%         2    None
e - Mephitic Cloud        Conj/Pois/Air  ###.....     2%          3    ##.....
f - Conjure Flame         Conj/Fire      ###.....     2%          3    ##.....
g - Slow                  Hex            ###.....     4%          2    None
h - Freeze                Ice            #...         3%          1    None
i - Throw Flame           Conj/Fire      ###...       1%          2    None
j - Searing Ray           Conj           ###...       1%          2    None


Dungeon Overview and Level Annotations

Branches:
Dungeon (9/15)             Temple (0/1) D:7            Lair (1/8) D:8
    Orc: D:9-12

Altars:
Dithmenos
Gozag
Okawaru
Pakellas
Qazlal
Sif Muna
Vehumet

Shops:
D:5 *   D:7 !

Annotations:
D:4 1 exclusion


Innate Abilities, Weirdness & Mutations

You have a pair of small horns on your head.
You tend to lose your temper in combat.
Your body sometimes deteriorates upon taking damage.
You are frail (-10% HP).
Your system is resistant to poisons.
You occasionally shout uncontrollably at your foes.


Message History

The black mamba bites your white imp!!
Your white imp dies!
Wield which item (- for none, * to show all)? (? for menu, Esc to quit)
You are already wielding that!
Wisps of shadow whirl around you...
You are near starving!
Your crimson imp closely misses the black mamba.
Your shadow imp gestures at the black mamba.
The black mamba struggles to resist.
The black mamba closely misses you.
Your crimson imp blinks!
Your shadow imp hits the black mamba.
Your crimson imp blinks!
The black mamba bites you but does no damage.
The black mamba completely misses you. The black mamba bites you!
* * * LOW HITPOINT WARNING * * *
There is a staircase back to the Dungeon here.
The black mamba bites you!
You die...

### #.# ##### #### #.#
#...# ### #>P# #.# ##.##
#.## ##.## #.## #..# #..#
###...###..# #..# #.##
#.####.##..## ##.## ##)#
..# #......####@.#####.##
.ยง##
##......#P#S##.#P..##
#..####.........5........#
.#...##.......#.........##
####..##...............##
##.................P#
#..................##
###....5......P###..##
######..........###
##..###


You could see a black mamba and a friendly shadow imp.

Vanquished Creatures
  Eustachio (D:3)
  A yak (D:9)
  A hippogriff (D:7)
  2 orc warriors (D:7)
  2 ogres
  2 black bears
  3 wolves (D:8)
  A crocodile (D:8)
  3 giant frogs
  A gnoll sergeant (D:8)
  A scorpion (D:8)
  2 howler monkeys
  4 crimson imps
  2 jellies (D:8)
  A quasit (D:6)
  3 orc priests (D:8)
  2 hounds
  5 orc wizards
  Crazy Yiuf (D:7)
  9 worker ants
  An iguana (D:6)
  5 sheep (Lair:1)
  A big kobold zombie (Ossuary)
  A hound zombie (D:6)
  2 howler monkey skeletons
  12 adders
  3 gnolls
  2 river rats (D:7)
  2 shadow imps
  3 oozes
  An adder skeleton (D:4)
  An adder zombie (D:5)
  A worm (D:3)
  5 dart slugs
  8 giant geckos
  23 orcs
  5 giant cockroaches
  6 goblins
  3 hobgoblins
  8 jackals
  5 quokkas
  13 bats
  8 giant newts
  A goblin zombie (Ossuary)
  10 kobolds
  21 rats
198 creatures vanquished.

Vanquished Creatures (collateral kills)
  A cyclops (D:6)
  A spiny frog (Lair:1)
  Grinder (D:1)
  A wyvern (D:8)
  Grum (D:7)
  An ice beast (D:5)
  2 sky beasts
  A wolf (D:7)
  2 ogres (D:4)
  A centaur (D:7)
  A big kobold (D:6)
  An elf zombie (Ossuary)
  A jelly (D:8)
  An orc priest (D:3)
  A hound (D:5)
  2 orc wizards (D:4)
  An iguana (D:5)
  2 worker ants
  A sheep (Lair:1)
  A big kobold zombie (Ossuary)
  2 mummies (Ossuary)
  Robin (D:2)
  An adder (D:8)
  3 gnolls
  A shadow imp (D:6)
  4 oozes
  2 adder skeletons
  3 worms
  A giant gecko (D:6)
  6 orcs
  2 gnoll zombies (Ossuary)
  2 goblins
  3 hobgoblins
  3 bats (D:8)
  3 goblin zombies (Ossuary)
  2 hobgoblin zombies (Ossuary)
  2 kobolds (D:6)
  3 orc zombies (Ossuary)
  2 rats (D:8)
70 creatures vanquished.

Vanquished Creatures (others)
  An orc wizard (D:8)
  5 fungi
6 creatures vanquished.

Grand Total: 274 creatures vanquished

Notes
Turn   | Place    | Note
--------------------------------------------------------------
     0 | D:1      | Mefis the Human Wizard began the quest for the Orb.
     0 | D:1      | Reached XP level 1. HP: 13/13 MP: 4/4
   288 | D:1      | Reached XP level 2. HP: 13/19 MP: 0/6
   292 | D:1      | Learned a level 2 spell: Call Imp
   295 | D:1      | Learned a level 2 spell: Blink
   298 | D:1      | Learned a level 2 spell: Repel Missiles
   738 | D:1      | Reached XP level 3. HP: 22/24 MP: 0/8
  1819 | D:2      | Reached XP level 4. HP: 30/30 MP: 3/9
  1824 | D:2      | Learned a level 3 spell: Mephitic Cloud
  1924 | D:2      | Noticed Robin
  1934 | D:2      | Killed Robin
  2198 | D:2      | Reached skill level 4 in Spellcasting
  2572 | D:2      | Reached XP level 5. HP: 35/35 MP: 9/11
  4000 | D:4      | Noticed Eustachio
  4529 | D:3      | Killed Eustachio
  4529 | D:3      | Reached XP level 6. HP: 31/42 MP: 1/13
  4666 | D:3      | Learned a level 3 spell: Conjure Flame
  4929 | D:4      | Noticed Grinder
  4939 | D:4      | Paralysed by Grinder for 2 turns
  4945 | D:4      | Paralysed by Grinder for 5 turns
  5209 | D:4      | Paralysed by Grinder for 6 turns
  5795 | D:1      | Paralysed by Grinder for 5 turns
  5888 | D:1      | Killed Grinder
  5888 | D:1      | Reached skill level 5 in Spellcasting
  5888 | D:1      | Reached XP level 7. HP: 32/47 MP: 5/14
  5892 | D:1      | Learned a level 2 spell: Slow
  6445 | D:4      | Found a radiant altar of Vehumet.
  6460 | D:4      | Became a worshipper of Vehumet
  6607 | D:4      | Reached skill level 1 in Air Magic
  6607 | D:4      | Reached skill level 1 in Poison Magic
  7544 | D:4      | Found an opulent altar of Gozag.
  7619 | D:5      | Entered Level 5 of the Dungeon
  7698 | D:5      | Identified a -2 rod of shadows (11/11) (You found it on level 5 of the Dungeon)
  7758 | D:5      | Reached XP level 8. HP: 53/53 MP: 16/16
  7914 | D:5      | Reached skill level 1 in Throwing
  7914 | D:5      | Reached skill level 1 in Hexes
  8348 | D:5      | Found Mofaimae's General Store.
  8574 | D:5      | Gained mutation: You occasionally shout uncontrollably at your foes. [mutagenic meat]
  8575 | D:5      | Gained mutation: You have a pair of small horns on your head. [mutagenic meat]
  8576 | D:5      | Gained mutation: Your body sometimes deteriorates upon taking damage. [mutagenic meat]
  8577 | D:5      | Gained mutation: You tend to lose your temper in combat. [mutagenic meat]
  8578 | D:5      | Gained mutation: You are frail (-10% HP). [mutagenic meat]
  9084 | D:6      | Found a shadowy altar of Dithmenos.
  9261 | D:6      | Reached skill level 1 in Fire Magic
  9302 | D:6      | Found a sand-covered staircase.
  9314 | Ossuary  | Entered an ossuary
  9370 | Ossuary  | Reached * piety under Vehumet
  9370 | Ossuary  | Offered knowledge of Freeze by Vehumet.
  9455 | Ossuary  | Learned a level 1 spell: Freeze
  9670 | D:6      | Found an iron altar of Okawaru.
  9762 | D:6      | Noticed a cyclops
  9793 | D:6      | Found an oddly glowing altar of Pakellas.
  9793 | D:6      | Found a deep blue altar of Sif Muna.
 10060 | D:6      | Killed a cyclops
 10060 | D:6      | Reached skill level 1 in Slings
 10060 | D:6      | Reached XP level 9. HP: 52/52 MP: 1/17
 11182 | D:7      | Reached skill level 6 in Spellcasting
 11357 | D:7      | Found a stormy altar of Qazlal.
 11396 | D:7      | Noticed Crazy Yiuf
 11403 | D:7      | Killed Crazy Yiuf
 11567 | D:7      | Offered knowledge of Throw Flame by Vehumet.
 11571 | D:7      | Learned a level 2 spell: Throw Flame
 11695 | D:7      | Gained mutation: Your system is resistant to poisons. [mutagenic meat]
 11770 | D:7      | Found a staircase to the Ecumenical Temple.
 11801 | D:7      | Reached ** piety under Vehumet
 11892 | D:7      | Found Kairon's Distillery.
 11895 | D:7      | Bought a potion of agility for 48 gold pieces
 11895 | D:7      | Bought a potion of lignification for 36 gold pieces
 11895 | D:7      | Bought a potion of heal wounds for 60 gold pieces
 11895 | D:7      | Bought a potion of might for 48 gold pieces
 12136 | D:8      | Noticed Grum
 12550 | D:7      | Killed Grum
 12698 | D:8      | Reached skill level 1 in Bows
 12763 | D:8      | Offered knowledge of Searing Ray by Vehumet.
 12987 | D:8      | Found a staircase to the Lair.
 13595 | D:7      | Reached *** piety under Vehumet
 14068 | D:8      | Learned a level 2 spell: Searing Ray
 14148 | D:8      | Reached XP level 10. HP: 57/57 MP: 13/19
 14413 | D:8      | Offered knowledge of Sticky Flame by Vehumet.
 14495 | D:8      | Reached skill level 5 in Dodging
 15578 | D:8      | Got an iridescent greatsling
 15579 | D:8      | Identified the cursed +1 greatsling "Luhy" {speed, MR+} (You found it on level 8 of the Dungeon)
 15849 | Lair:1   | Entered Level 1 of the Lair of Beasts
 15944 | Lair:1   | Reached skill level 5 in Stealth
 15946 | Lair:1   | Noticed a spiny frog
 15995 | Lair:1   | Noticed a black mamba
 16171 | Lair:1   | Killed a spiny frog
 16309 | Lair:1   | Noticed an eight-headed hydra
 16323 | Lair:1   | Mangled by a black mamba

Vault maps used:
D:1:      lightli_arrival_statuegarden
D:2:      interstate_on_off, uniq_robin
D:3:      kennysheep_flooded_box
D:4:      marbit_many_paths, kennysheep_little_box, st_stairs_9,
          grunt_decor_cap, uniq_grinder, uniq_eustachio
D:5:      serial_shops, nicolae_shop_temple_entry_statues_fountains,
          first_bread, kennysheep_generic_room_9
D:6:      hangedman_cross_stitches, gammafunk_temple_overflow_elements,
          lemuel_crystal_altar, lightli_ossuary_entry_decrepit_ruins,
          nicolae_dithmenos_through_a_glass_darkly
D:7:      nicolae_qazlal_style_of_elements, minmay_temple_entry_mist,
          serial_shops, kennysheep_mini, uniq_crazy_yiuf_cottage
D:8:      grunt_lair_entry_orc_guard_hut, hangedman_little_slice_of_home,
          minmay_misc_feat_plants, uniq_grum
D:9:      fedhas_altar_2, minivault_16
Ossuary:  minmay_ossuary_gauntlet

Skill      XL: |  1  2  3  4  5  6  7  8  9 10 |
---------------+-------------------------------+-----
Spellcasting   | 4 5 6 |  6.5
Conjurations   | 2 3 4 |  4.1
Summonings     | 2 3 4 |  4.0
Dodging        | 3 4 5 |  5.2
Air Magic      | 1 2 3 |  3.6
Poison Magic   | 1 2 3 |  3.2
Stealth        | 3 4 5 |  5.0
Throwing       | 2 3 |  3.7
Hexes          | 2 3 |  3.7
Translocations | 2 3 |  3.6
Fire Magic     | 1 2 3 |  3.3
Slings         | 1 |  1.1
Bows           | 1 2 |  2.1
Fighting       | |  0.6
Short Blades   | |  0.2
Ice Magic      | |  0.2

Action                   |  1- 3 |  4- 6 |  7- 9 | 10-12 || total
-------------------------+-------+-------+-------+-------++-------
Melee: Dagger            |    53 |    50 |    40 |       ||   143
       Headbutt          |       |       |     6 |     4 ||    10
       Quarterstaff      |       |       |     6 |    19 ||    25
 Fire: Hunting sling     |       |    10 |    69 |       ||    79
       Blowgun           |       |     3 |       |       ||     3
       Shortbow          |       |       |   133 |    47 ||   180
Throw: Stone             |     1 |       |       |       ||     1
       Tomahawk          |       |       |    20 |     5 ||    25
 Cast: Magic Dart        |    70 |   121 |   146 |    26 ||   363
       Call Imp          |     7 |    44 |    97 |    24 ||   172
       Repel Missiles    |     2 |     1 |     2 |       ||     5
       Mephitic Cloud    |       |     6 |    34 |     9 ||    49
       Conjure Flame     |       |       |    13 |     4 ||    17
       Blink             |       |       |    14 |    13 ||    27
       Freeze            |       |       |     5 |     3 ||     8
       Slow              |       |       |     2 |     2 ||     4
       Throw Flame       |       |       |    37 |    23 ||    60
       Searing Ray       |       |       |     1 |    14 ||    15
Evoke: Rod               |       |       |    18 |     6 ||    24
  Use: Scroll            |     3 |     1 |    11 |     3 ||    18
       Potion            |       |     4 |     5 |     5 ||    14
 Stab: Sleeping          |       |     2 |     2 |     2 ||     6
  Eat: Chunk             |     3 |     7 |    20 |     7 ||    37
       Bread ration      |       |     2 |     2 |       ||     4
       Fruit             |       |       |     5 |       ||     5
       Meat ration       |       |       |     1 |       ||     1
       Beef jerky        |       |       |     1 |       ||     1
Armor: Robe              |    22 |    61 |   127 |    38 ||   248
Dodge: Dodged            |    43 |    96 |   260 |    69 ||   468
       Deflected         |     2 |     3 |     3 |     1 ||     9
